 Dungeon Crawl Stone Soup version 0.25-a0-566-g062765be81 (webtiles) character file.

Game seed: 13156332055744909807, levelgen mode: deterministic

1080 Cerrion the Ruffian (level 8, -2/75 HPs)
             Began as a Troll Fighter on Feb 28, 2020.
             Was a Priest of Lugonu.
             Slain by a water moccasin (3 damage)
             ... on level 6 of the Dungeon.
             The game lasted 00:14:55 (4536 turns).

Cerrion the Ruffian (Troll Fighter)                 Turns: 4536, Time: 00:14:55

Health: -2/75      AC: 11    Str: 26    XL:     8   Next: 8%
Magic:  0/7        EV:  9    Int:  4    God:    Lugonu [***...]
Gold:   244        SH:  9    Dex: 10    Spells: 7/7 levels left

rFire    . . .     SeeInvis .     - Unarmed
rCold    . . .     Gourm    +   b - +0 kite shield
rNeg     . . .     Faith    .   a - +0 robe
rPois    .         Spirit   +   (helmet restricted)
rElec    .         Reflect  .   (no cloak)
rCorr    .         Harm     .   (gloves unavailable)
MR       .....                  (boots unavailable)
Stlth    +.........             p - amulet of guardian spirit
HPRegen  0.62/turn              s - +5 ring of protection
MPRegen  0.10/turn              (no ring)

@: lethally poisoned (-2 -> -4), drained
A: large, unfitting armour, claws 3, fast metabolism 3, gourmand, regeneration
1, shaggy fur 1, tough skin 3
a: Depart the Abyss, Bend Space, Banish, Renounce Religion


You were on level 6 of the Dungeon.
You worshipped Lugonu.
Lugonu was most pleased with you.
You were not hungry.

You visited 1 branch of the dungeon, and saw 6 of its levels.

You collected 244 gold pieces.

Inventory:

Armour
 a - a +0 robe (worn)
 b - a +0 kite shield (worn)
Jewellery
 p - an amulet of guardian spirit (around neck)
 s - a +5 ring of protection (left claw)
Wands
 v - a wand of disintegration (14)
 y - a wand of flame (21)
Scrolls
 e - a scroll of immolation {unknown}
 f - 4 scrolls of remove curse
 j - a scroll of amnesia {unknown}
 l - 2 scrolls of fear {unknown}
 m - 2 scrolls of enchant armour {unknown}
 n - a scroll of noise {unknown}
 q - 2 scrolls of identify
 t - a scroll of enchant weapon {unknown}
 u - 2 scrolls of teleportation {unknown}
 w - a scroll of blinking {unknown}
Potions
 c - 3 potions of might
 g - a potion of cancellation {unknown}
 h - 3 potions of curing {unknown}
 i - 2 potions of stabbing {unknown}
 k - a potion of flight {unknown}
 o - a potion of lignification {unknown}
 r - a potion of invisibility {unknown}
 x - a potion of resistance {unknown}
Comestibles
 d - 13 rations


   Skills:
 + Level 3.1(2.3) Fighting
 + Level 4.3(3.5) Dodging
 + Level 1.2(0.5) Stealth
 + Level 4.1(3.3) Shields
 + Level 6.7(5.8) Unarmed Combat
 + Level 0.1(0.0) Invocations


You had 7 spell levels left.
You didn't know any spells.
Your spell library was empty.

Dungeon Overview and Level Annotations

Branches:
Dungeon (6/15)             Temple (0/1) D:5

Altars:
Cheibriados
Nemelex Xobeh
Xom
Lugonu


Innate Abilities, Weirdness & Mutations

You are too large for most types of armour.
You have claws for hands.
Your metabolism is lightning-fast.
You like to eat raw meat.
Your natural rate of healing is unusually fast.
You are covered in fur. (AC +1)
You have extremely tough skin. (AC +3)


Message History

* * * LOW HITPOINT WARNING * * *
You feel sick. The water moccasin bites you.
* * * LOW HITPOINT WARNING * * *
You feel sick.
The water moccasin bites you but does no damage.
* * * LOW HITPOINT WARNING * * *
You feel sick.
The water moccasin bites you but does no damage.
* * * LOW HITPOINT WARNING * * *
You feel sick.
* * * LOW HITPOINT WARNING * * *
You feel sick. The water moccasin barely misses you.
The water moccasin bites you but does no damage.
* * * LOW HITPOINT WARNING * * *
You feel sick.
* * * LOW HITPOINT WARNING * * *
You feel sick.
* * * LOW HITPOINT WARNING * * *
You feel sick. The water moccasin bites you.
You die...

##............#
#............##
..##........zz#
.###.......##.##
## #........#zz#
# ##.......##z##
##......##..#
#......###S##
##...[.# #.@#
##...## ##.##
##..# #..# ####
##.## #..# ##.##
#..# ##.##
##...##


You could see a water moccasin and 5 wights.

Vanquished Creatures
  A phantom (D:6)
  A centaur (D:4)
  2 bullfrogs (D:6)
  2 scorpions
  A killer bee (D:3)
  A howler monkey (D:5)
  A crimson imp (D:3)
  A bullfrog zombie (D:5)
  A centaur zombie (D:5)
  2 orc priests (D:4)
  4 hounds
  5 orc wizards
  A howler monkey zombie (D:6)
  A gnoll (D:4)
  6 adders
  2 oozes (D:1)
  An adder skeleton (D:5)
  A worm (D:2)
  A dart slug (D:2)
  7 leopard geckos
  16 orcs
  6 bats
  2 giant cockroaches
  7 goblins
  5 hobgoblins
  A quokka (D:6)
  A ball python (D:2)
  7 frilled lizards
  6 kobolds
  8 rats
101 creatures vanquished.

Notes
Turn   | Place    | Note
-------+----------+-------------------------------------------
     0 | D:1      | Cerrion the Troll Fighter began the quest for the Orb.
     0 | D:1      | Reached XP level 1. HP: 22/22 MP: 0/0
   144 | D:1      | Reached XP level 2. HP: 29/29 MP: 1/1
   897 | D:2      | Reached XP level 3. HP: 31/36 MP: 2/2
  1017 | D:2      | Found a faded altar of an unknown god.
  1048 | D:2      | Reached XP level 4. HP: 44/44 MP: 3/3
  1059 | D:2      | Became a worshipper of Lugonu the Unformed
  1059 | D:2      | Reached * piety under Lugonu
  1059 | D:2      | Reached ** piety under Lugonu
  1350 | D:2      | Found a snail-covered altar of Cheibriados.
  1521 | D:2      | Reached skill level 3 in Unarmed Combat
  1772 | D:3      | You fall into a shaft and drop 3 floors!
  1778 | D:6      | Noticed a phantom
  1885 | D:6      | Noticed a bullfrog
  1900 | D:6      | Killed a bullfrog
  1900 | D:6      | Reached XP level 5. HP: 51/52 MP: 4/4
  1944 | D:6      | Killed a phantom
  1944 | D:6      | Reached skill level 4 in Unarmed Combat
  1944 | D:6      | Reached XP level 6. HP: 49/59 MP: 5/5
  2007 | D:5      | Entered Level 5 of the Dungeon
  2256 | D:3      | Found a shimmering altar of Xom.
  2321 | D:3      | Reached *** piety under Lugonu
  2600 | D:3      | Reached skill level 5 in Unarmed Combat
  2702 | D:3      | Reached XP level 7. HP: 67/67 MP: 6/6
  2718 | D:3      | Found a sparkling altar of Nemelex Xobeh.
  2718 | D:3      | Found a transporter.
  3295 | D:4      | Reached skill level 1 in Stealth
  3377 | D:4      | Reached skill level 6 in Unarmed Combat
  3639 | D:5      | Found a staircase to the Ecumenical Temple.
  4240 | D:6      | Reached XP level 8. HP: 75/75 MP: 7/7
  4532 | D:6      | HP: 3/75 [poisoned by a water moccasin]
  4536 | D:6      | HP: 1/75 [poisoned by a water moccasin]
  4536 | D:6      | Slain by a water moccasin

Levels and vault maps discovered:
D:1:      erik_arrival_gehennom, layout_basic
D:2:      layout_basic, marbit_many_paths, chequers_ecumenical_altar_simple
D:3:      layout_basic, xom_teletrap_fun, grunt_nemelex_the_gamble
D:4:      layout_loops_corners, cheibrodos_gnoll_hut
D:5:      layout_gridville, minmay_temple_entry_statues_fountains, first_ration
D:6:      layout_cave_pods, lemuel_doored_altar

Skill      XL: |  1  2  3  4  5  6  7 |
---------------+----------------------+-----
Shields        | 3 4 |  4.1
Unarmed Combat | 3 4 5 6 |  6.7
Dodging        | 3 4 |  4.3
Fighting       | 3 |  3.1
Stealth        | 1 |  1.2
Invocations    | |  0.1

Action                   |  1- 3 |  4- 6 |  7- 9 || total
-------------------------+-------+-------+-------++-------
Melee: Unarmed           |    65 |   156 |   100 ||   321
Invok: Bend Space        |       |     1 |     1 ||     2
  Use: Scroll            |       |       |     4 ||     4
 Stab: Sleeping          |       |     1 |     2 ||     3
  Eat: Chunk             |    12 |    18 |     6 ||    36
       Ration            |       |       |     1 ||     1
Armor: Robe              |    19 |    42 |    33 ||    94
Dodge: Dodged            |    20 |    40 |    27 ||    87
Block: Kite shield       |    25 |    71 |    54 ||   150

Table legend:
 A = Non-vault XP
 B = Vault XP
 C = Vault XP percentage of total XP
 D = Non-vault monster count
 E = Vault monster count
 F = Vault count percentage of total count
                 A         B        C        D         E       F
            +---------+---------+-------+---------+---------+-------
      Total |    1311 |     233 |  15.1 |      90 |      11 |  10.9
            +---------+---------+-------+---------+---------+-------
        D:1 |      21 |      18 |  46.2 |      13 |       5 |  27.8
        D:2 |      89 |       3 |   3.3 |      20 |       1 |   4.8
        D:3 |     157 |     113 |  41.9 |      24 |       2 |   7.7
        D:4 |     338 |      99 |  22.7 |      16 |       3 |  15.8
        D:5 |     224 |       0 |   0.0 |       5 |       0 |   0.0
        D:6 |     482 |       0 |   0.0 |      12 |       0 |   0.0
            +---------+---------+-------+---------+---------+-------
